 Dungeon Crawl Stone Soup version 0.23.2 (webtiles) character file.

Game seed: 2932510504926623593

146 VAZYLA the Covered (level 5, 0/42 HPs)
             Began as a Formicid Abyssal Knight on Apr 9, 2019.
             Was a Believer of Lugonu.
             Slain by Grinder (3 damage)
             ... on level 3 of the Dungeon.
             The game lasted 00:04:41 (1531 turns).

VAZYLA the Covered (Formicid Abyssal Knight)        Turns: 1531, Time: 00:04:42

Health: 0/42       AC: 11    Str: 17 (18) XL:     5   Next: 53%
Magic:  7/7        EV:  5    Int:  8 (11) God:    Lugonu [**....]
Gold:   32         SH:  0    Dex:  7 (10) Spells: 4/4 levels left

rFire    . . .     SeeInvis +   a - +1 spear
rCold    . . .     Gourm    .   (no shield)
rNeg     . . .     Faith    .   f - +0 plate armour
rPois    .         Spirit   .   (helmet unavailable)
rElec    .         Reflect  .   (no cloak)
rCorr    .         Harm     .   (no gloves)
MR       .....                  (no boots)
Stlth    ..........             (no amulet)
HPRegen  0.14/turn              (no ring)
MPRegen  0.10/turn              (no ring)

@: no status effects
A: permanent stasis, dig shafts and tunnels, four strong arms, antennae 3
a: Dig, Shaft Self, Depart the Abyss, Bend Space, Renounce Religion


You were on level 3 of the Dungeon.
You worshipped Lugonu.
Lugonu was pleased with you.
You were not hungry.

You visited 1 branch of the dungeon, and saw 4 of its levels.
You visited the Abyss 1 time.

You collected 32 gold pieces.

Inventory:

Hand Weapons
 a - a +1 spear (weapon)
 b - a +0 hunting sling
Missiles
 n - 7 stones (quivered)
Armour
 f - a +0 plate armour (worn)
 h - a +0 leather armour
Jewellery
 i - an uncursed ring of protection from cold {unknown}
Scrolls
 e - 2 scrolls of magic mapping {unknown}
 j - a scroll of immolation {unknown}
 k - 2 scrolls of identify {unknown}
 l - 2 scrolls of enchant weapon {unknown}
 m - a scroll of amnesia {unknown}
 o - a scroll of fog {unknown}
 q - 3 scrolls of blinking {unknown}
Potions
 d - a potion of heal wounds {unknown}
 g - a potion of brilliance
 r - a potion of magic {unknown}
Comestibles
 c - 4 rations


   Skills:
 + Level 3.8 Fighting
 * Level 3.2 Polearms
 * Level 3.8 Armour
 + Level 1.6 Dodging
 + Level 3.0 Invocations


You had 4 spell levels left.
You didn't know any spells.
Your spell library was empty.

Dungeon Overview and Level Annotations

Branches:
Dungeon (4/15)
 Temple: D:4-7

Altars:

Annotations:
D:3 Grinder


Innate Abilities, Weirdness & Mutations

You cannot be hasted, slowed, berserked, paralysed or teleported.
You can dig through walls and to a lower floor.
Your four strong arms can wield two-handed weapons with a shield.
You have a pair of large antennae on your head. (SInv)


Message History

The adder is heavily wounded.
The adder barely misses you.
You hit the adder.
You kill the adder!
Lugonu accepts your kill. Grinder hits you.
You writhe in agony.
Things that are here:
an adder corpse; a rat corpse You closely miss Grinder.
Grinder hits you!
* * * LOW HITPOINT WARNING * * *
You writhe in agony.
* * * LOW HITPOINT WARNING * * *
It was a potion of degeneration.
There was something very wrong with that liquid.
You feel weakened.
You feel dopey.
You feel clumsy. Grinder hits you but does no damage.
You completely miss Grinder. Grinder hits you.
* * * LOW HITPOINT WARNING * * *
You writhe in agony.
You die...

#......# ..$
##......# .. .......
.. ...... . #....
.####.#.#.#..#
......#.#.#..# #
#..5@.#..#
#.###.###.r#
#.###.###..#
#..........#
#.....###..####+###
{
###........##≈≈.≈≈##
#.#####.##≈≈≈.≈≈≈#
... #..#≈≈≈.≈≈≈#
..... #..[...♣


You could see Grinder.

Vanquished Creatures
  Jessica (D:3)
  A worker ant (D:3)
  3 gnolls
  2 adders
  3 dart slugs (D:2)
  2 giant cockroaches (D:1)
  4 goblins (D:1)
  4 hobgoblins (D:1)
  7 jackals (D:1)
  6 kobolds (D:1)
  3 ball pythons
  2 bats (D:1)
  A frilled lizard (D:2)
  5 rats
44 creatures vanquished.

Notes
Turn   | Place    | Note
-------+----------+-------------------------------------------
     0 | Abyss:1  | VAZYLA the Formicid Abyssal Knight began the quest for the
                  | Orb.
     0 | Abyss:1  | Reached XP level 1. HP: 18/18 MP: 2/2
    84 | Abyss:1  | Noticed a large abomination
    99 | Abyss:1  | Noticed a fire bat
   100 | D:1      | Escaped the Abyss
   240 | D:1      | Reached skill level 1 in Dodging
   316 | D:1      | Reached * piety under Lugonu
   343 | D:1      | Reached XP level 2. HP: 22/24 MP: 3/3
   650 | D:1      | Reached XP level 3. HP: 28/29 MP: 4/4
  1038 | D:3      | Reached XP level 4. HP: 20/35 MP: 5/5
  1172 | D:3      | Noticed Jessica
  1173 | D:3      | Noticed Grinder
  1197 | D:2      | Reached ** piety under Lugonu
  1368 | D:2      | Noticed a centaur
  1377 | D:2      | You fall through a shaft for 2 floors!
  1417 | D:3      | Killed Jessica
  1417 | D:3      | Reached XP level 5. HP: 9/42 MP: 7/7
  1531 | D:3      | Slain by Grinder

Skill      XL: |  1  2  3  4  5 |
---------------+----------------+-----
Dodging        | 1 |  1.6
Armour         | 3 |  3.8
Polearms       | 3 |  3.2
Invocations    | 3 |  3.0
Fighting       | |  3.8

Action                   |  1- 3 |  4- 6 || total
-------------------------+-------+-------++-------
Melee: Spear             |   117 |    73 ||   190
Invok: Depart the Abyss  |     1 |       ||     1
 Abil: Dig               |     1 |     1 ||     2
       Shaft Self        |       |     1 ||     1
  Use: Potion            |       |     2 ||     2
  Eat: Ration            |       |     1 ||     1
Armor: Leather armour    |     2 |       ||     2
       Plate armour      |    60 |    54 ||   114
Dodge: Dodged            |    23 |    20 ||    43
